cohdb
Replays
Latest Replays
All Replays
Popular Replays
Top Player Replays
Match Explorer
How It Works
Community
CoH3 Stats
Reddit
Sign in to upload your games and track your stats! →
Sign in with Steam
Match 44770888
Unlisted
Match 44770888
Overview
Messages
Build Orders
End
Kradschützen Motorcycle Team
Panzergrenadier Squad
Panzergrenadier Squad
250 Light Carrier
Construct Light Support Kompanie
Assault Grenadier Squad
Fire Support Elements
Flakvierling Half-track
MG34 Team
Construct Mechanized Kompanie
8 Rad Armored Car
Veteran Squad Leaders
Vehicle Survival Package
2.5-tonne Medical Truck
Panzerjäger Squad
Trash
EzKeL
Naegele
Genki
0
0
Comments
sign in to comment!
No comments posted yet!